Map: Pride of Altaris LE

Players

MaxPax

  • Race: Protoss Protoss
  • League: Grandmaster

AGOElazer (Elazer) - Winner!

  • Race: Zerg Zerg
  • League: Master

VOD

Have the link to the VOD?

Description

Time

  • Played on: Oct. 22, 2021, 10:30 a.m.
  • Length: 11:38
Show
View Real Time Build Order
Export as new Build Order

MaxPax Protoss 

Build Orders: 1 Gate Expand, Oracle Opening 

Get SALT Encoding   

  12  0:00  Probe  
  13  0:12  Probe  
  14  0:19  Pylon  
  14  0:24  Probe  
  15  0:37  Probe (Chrono Boost)  
  15  0:40  Gateway  
  16  0:49  Probe (Chrono Boost)  
  17  0:50  Assimilator  
  17  0:54  Probe (Chrono Boost)  
  18  1:04  Probe  
  19  1:16  Probe  
  20  1:27  Nexus  
  20  1:38  Cybernetics Core  
  20  1:40  Probe  
  21  1:48  Assimilator  
  21  1:52  Probe  
  22  1:56  Pylon  
  22  2:04  Probe  
  23  2:14  Adept  
  25  2:16  Probe (Chrono Boost)  
  25  2:19  Stargate  
  26  2:26  Warp Gate  
  26  2:28  Probe (Chrono Boost)  
  27  2:34  Probe (Chrono Boost)  
  28  2:39  Probe (Chrono Boost)  
  30  2:44  Adept  
  30  2:48  Probe x2 (Chrono Boost)  
  33  2:53  Void Ray (Chrono Boost), Probe (Chrono Boost)  
  33  2:55  Probe  
  35  3:05  Probe  
  40  3:07  Probe  
  40  3:11  Pylon  
  41  3:17  Probe  
  41  3:19  Probe  
  43  3:20  Gateway  
  43  3:26  Oracle (Chrono Boost)  
  43  3:29  Probe  
  43  3:31  Probe  
  48  3:41  Probe  
  48  3:43  Probe  
  50  3:49  Nexus  
  50  3:54  Probe  
  50  3:55  Pylon  
  51  3:59  Probe  
  51  4:02  Assimilator  
  52  4:04  Assimilator  
  52  4:07  Probe  
  53  4:11  Probe  
  54  4:18  Stargate  
  54  4:19  Probe  
  54  4:21  Protoss Air Weapons Level 1  
  54  4:23  Probe  
  56  4:30  Forge  
  56  4:31  Probe  
  57  4:32  Void Ray (Chrono Boost)  
  57  4:34  Pylon  
  57  4:40  Probe  
  62  4:52  Probe x2  
  64  4:56  Pylon  
  64  4:59  Void Ray (Chrono Boost)  
  64  5:01  Void Ray (Chrono Boost)  
  64  5:05  Probe x2 (Chrono Boost)  
  70  5:11  Probe (Chrono Boost)  
  72  5:16  Adept  
  72  5:17  Adept  
  72  5:18  Shield Battery  
  79  5:22  Probe x3 (Chrono Boost)  
  79  5:27  Probe (Chrono Boost)  
  79  5:28  Void Ray, Probe x2 (Chrono Boost)  
  81  5:32  Assimilator  
  81  5:33  Void Ray  
  86  5:36  Assimilator  
  86  5:37  Probe  
  86  5:40  Probe  
  86  5:41  Probe  
  93  5:49  Probe  
  88  5:52  Probe  
  88  5:56  Probe, Fleet Beacon  
  88  5:59  Pylon  
  88  6:02  Zealot, Photon Cannon  
  88  6:04  Pylon  
  91  6:05  Probe  
  91  6:09  Probe  
  90  6:11  Adept  
  93  6:18  Probe  
  93  6:24  Void Ray x2, Photon Cannon  
  93  6:25  Pylon  
  93  6:28  Stargate  
  93  6:29  Flux Vanes  
  93  6:31  Pylon, Photon Cannon  
  101  6:35  Photon Cannon  
  101  6:36  Pylon  
  101  6:47  Adept x2  
  101  6:51  Protoss Air Weapons Level 2 (Chrono Boost)  
  105  7:02  Nexus  
  105  7:03  Probe  
  105  7:04  Probe, Pylon  
  105  7:06  Photon Cannon  
  105  7:07  Photon Cannon  
  107  7:12  Pylon  
  107  7:18  Probe  
  107  7:20  Zealot x2  
  109  7:31  Probe  
  104  7:37  Probe, Carrier (Chrono Boost)  
  104  7:40  Carrier (Chrono Boost)  
  114  7:47  Probe  
  114  7:48  Carrier (Chrono Boost)  
  111  7:56  Nexus  
  111  7:57  Probe, Pylon  
  111  7:58  Probe  
  113  8:00  Protoss Ground Weapons Level 1  
  113  8:01  Gateway  
  113  8:05  Twilight Council  
  113  8:07  Probe  
  113  8:11  Photon Cannon  
  113  8:12  Shield Battery, Photon Cannon  
  114  8:17  Shield Battery, Photon Cannon  
  114  8:18  Robotics Facility  
  114  8:27  Photon Cannon  
  114  8:30  Tempest (Chrono Boost)  
  114  8:32  Tempest (Chrono Boost)  
  122  8:39  Shield Battery  
  122  8:40  Sentry, Photon Cannon  
  124  8:46  Shield Battery  
  124  8:48  Pylon  
  129  8:58  Pylon  
  129  8:59  Probe x2, Tempest (Chrono Boost)  
  129  9:01  Sentry  
  129  9:02  Probe  
  134  9:09  Adept x2  
  142  9:17  Tempest (Chrono Boost)  
  142  9:18  Tempest (Chrono Boost)  
  143  9:30  Adept  
  141  9:37  Zealot x2  
  148  9:42  Tempest (Chrono Boost)  
  143  9:55  Pylon  
  143  10:14  Nexus  
  143  10:15  Pylon  
  130  10:36  Pylon  
  130  10:38  Pylon  
  130  10:40  Pylon  
  130  10:41  Pylon  
  126  10:50  Pylon  
  126  11:02  Void Ray (Chrono Boost)  
  76  11:27  Zealot x3  
Show
View Real Time Build Order
Export as new Build Order

AGOElazer Zerg - Winner!

Build Orders: Hatch First 

Get SALT Encoding   

  12  0:00  Drone  
  13  0:12  Overlord  
  13  0:16  Drone  
  14  0:30  Drone x2  
  16  0:48  Hatchery  
  15  0:51  Drone  
  15  0:54  Drone  
  17  0:57  Drone  
  18  1:08  Extractor  
  17  1:13  Spawning Pool  
  17  1:16  Drone  
  17  1:20  Drone  
  18  1:28  Drone  
  19  1:39  Drone  
  20  1:50  Overlord  
  20  1:59  Queen x2  
  20  2:00  Drone  
  20  2:01  Zergling x2  
  26  2:11  Zergling x2  
  26  2:12  Drone, Metabolic Boost  
  28  2:21  Drone x2  
  30  2:31  Drone  
  30  2:32  Drone  
  30  2:36  Queen  
  34  2:42  Drone, Overlord  
  35  2:52  Hatchery  
  35  2:58  Overlord  
  34  2:59  Drone  
  35  3:07  Drone x2  
  35  3:08  Drone x2  
  35  3:09  Drone  
  35  3:10  Drone  
  41  3:17  Drone  
  41  3:19  Queen  
  42  3:25  Queen  
  46  3:27  Overlord  
  46  3:31  Overlord  
  47  3:34  Drone x2  
  47  3:37  Drone  
  47  3:39  Drone x2  
  51  3:48  Drone  
  52  3:51  Spore Crawler  
  52  3:52  Drone x4  
  55  4:01  Queen  
  57  4:03  Drone x2  
  57  4:08  Drone  
  60  4:13  Drone x3  
  63  4:18  Overlord  
  63  4:21  Drone x3  
  66  4:25  Overlord  
  66  4:27  Extractor  
  66  4:28  Roach Warren  
  66  4:29  Extractor  
  66  4:30  Drone x3  
  66  4:38  Drone x4  
  69  4:41  Overlord  
  69  4:43  Drone x2  
  69  4:45  Drone  
  72  4:48  Drone x2  
  72  4:52  Queen  
  74  4:55  Drone x4  
  74  4:59  Overlord  
  80  5:00  Hatchery  
  80  5:03  Drone x3  
  82  5:09  Drone x2  
  84  5:15  Lair  
  84  5:17  Zergling x10, Extractor  
  84  5:19  Queen  
  84  5:20  Extractor x2  
  84  5:21  Overlord  
  88  5:24  Zergling x6  
  90  5:31  Overlord  
  90  5:36  Zergling x4  
  90  5:37  Drone x3, Queen  
  93  5:45  Overlord  
  93  5:46  Drone  
  93  5:48  Drone x4  
  96  5:50  Drone x3  
  96  5:55  Drone x3  
  101  5:58  Queen  
  101  6:00  Drone x3  
  106  6:09  Drone  
  106  6:16  Drone x6  
  106  6:18  Drone x2, Overlord  
  112  6:23  Queen  
  112  6:24  Queen  
  116  6:25  Drone x2  
  116  6:26  Drone x2, Extractor  
  116  6:27  Extractor  
  116  6:28  Overlord  
  118  6:35  Zergling x2  
  118  6:36  Queen, Zergling x10  
  118  6:37  Queen  
  128  6:43  Evolution Chamber  
  128  6:44  Evolution Chamber  
  128  6:46  Drone x3  
  129  6:49  Spore Crawler  
  129  6:54  Drone x3, Infestation Pit  
  129  6:56  Hydralisk Den  
  129  6:59  Queen, Hatchery  
  129  7:00  Zergling x12  
  129  7:01  Zergling x6  
  138  7:05  Queen  
  138  7:07  Overlord  
  140  7:11  Overseer  
  141  7:17  Overlord  
  141  7:22  Queen  
  142  7:26  Overlord  
  142  7:29  Zerg Missile Weapons Level 1, Muscular Augments  
  142  7:30  Zerg Ground Armor Level 1  
  135  7:38  Hydralisk x5  
  135  7:39  Hydralisk x6  
  151  7:44  Overlord  
  151  7:45  Overlord x2  
  151  7:46  Hatchery  
  151  7:50  Hydralisk  
  151  7:51  Hydralisk x4  
  148  7:56  Drone x3  
  159  8:01  Hive  
  159  8:04  Queen x2  
  161  8:06  Overlord x3  
  161  8:17  Hydralisk x5  
  171  8:23  Hydralisk x4  
  179  8:31  Hydralisk  
  179  8:32  Hydralisk x4  
  189  8:40  Grooved Spines  
  189  8:44  Hydralisk  
  189  8:45  Hydralisk x4  
  199  9:11  Spore Crawler, Extractor x2  
  199  9:14  Spore Crawler  
  189  9:23  Hydralisk  
  189  9:24  Hydralisk x7  
  181  9:36  Viper  
  181  9:37  Viper x4  
  182  9:39  Hydralisk x5  
  182  9:43  Hydralisk  
  182  9:44  Hydralisk x7  
  198  9:58  Hydralisk x4  
  192  10:15  Hydralisk  
  192  10:16  Hydralisk x4  
  196  10:26  Hydralisk x7  
  188  10:40  Hydralisk x8  
  188  10:42  Queen x3  
  194  10:52  Hydralisk  
  194  10:53  Hydralisk x4  
Tags
 
Add a new tag
Caveats
  • Supply blocks, unpowered buildings, or Contaminate may cause inaccurate times.
  • Supply counts are checked every 10 seconds.